 Dungeon Crawl Stone Soup version 0.30.0-5-g1a98f26d00 (webtiles) character file.

Game seed: 15109586401096736485

690 trckry the Ducker (level 7, -2/46 (54) HPs)
             Began as a Demonspawn Wanderer on May 13, 2023.
             Slain by Duvessa
             ... wielding a +2 rapier of draining
              (5 damage)
             ... on level 5 of the Dungeon.
             The game lasted 00:12:21 (4248 turns).

trckry the Ducker (Demonspawn Wanderer)             Turns: 4248, Time: 00:12:21

HP:   -2/46 (54)    AC: 10    Str: 12    XL:     7   Next: 36%
MP:   0/10          EV: 29    Int: 11    God:
Gold: 220           SH:  4    Dex: 17    Spells: 6/6 levels left

rFire   . . .        g - +0 dagger (elec)
rCold   . . .        (no shield)
rNeg    . . .        d - +0 robe
rPois   .            (no helmet)
rElec   .            (no cloak)
rCorr   .            C - +0 pair of gloves
SInv    .            z - +2 pair of boots
Will    .....        j - amulet of the acrobat
Stlth   ++           (no ring)
HPRegen 0.27/turn    (no ring)
MPRegen 0.24/turn

%: acrobat, guardian spirit
@: acrobatic, heavily drained
A: icemail 1, magic shield, magic regeneration, sturdy frame 1, condensation
shield, weakness stinger 1
a: no special abilities


You were on level 5 of the Dungeon.
You visited 2 branches of the dungeon, and saw 6 of its levels.

You collected 220 gold pieces.

Inventory:

Hand Weapons
 a - a +3 short sword
 g - a +0 dagger of electrocution (weapon)
 v - a +0 quarterstaff
 y - a +0 lajatang
Missiles
 o - 8 poisoned darts (quivered)
 A - 2 atropa-tipped darts
Armour
 d - a +0 robe (worn)
 z - a +2 pair of boots (worn)
 C - a +0 pair of gloves (worn)
Jewellery
 j - an amulet of the acrobat (around neck)
Scrolls
 b - 2 scrolls of teleportation
 e - 5 scrolls of identify {unknown}
 h - 3 scrolls of enchant armour {unknown}
 p - 2 scrolls of blinking {unknown}
 q - 3 scrolls of enchant weapon {unknown}
 s - 2 scrolls of torment {unknown}
 t - 5 scrolls of immolation {unknown}
 u - a scroll of fear {unknown}
 B - 2 scrolls of noise {unknown}
 D - a scroll of fog {unknown}
 E - a scroll of acquirement {unknown}
Potions
 c - 5 potions of lignification
 f - 2 potions of flight {unknown}
 i - 2 potions of attraction {unknown}
 k - a potion of brilliance {unknown}
 l - a potion of resistance {unknown}
 m - 3 potions of curing {unknown}
 n - a potion of might {unknown}
 r - a potion of heal wounds {unknown}
 w - a potion of cancellation {unknown}
 x - 2 potions of invisibility {unknown}


   Skills:
 - Level 4.0 Fighting
 - Level 3.6 Short Blades
 - Level 4.0 Armour
 + Level 5.2 Dodging
 - Level 1.0 Stealth
 - Level 4.0 Invocations


You had 6 spell levels left.
You didn't know any spells.
Your spell library contained the following spells:

 Spells                   Type           Power      Damage    Failure   Level
 Sublimation of Blood     Necr           0%         N/A       47%         2
 Wereblood                Tmut           0%         N/A       47%         2
 Ignite Poison            Fire/Tmut/Pois 0%         N/A       71%         3
 Portal Projectile        Hex/Tloc       0%         N/A       71%         3
 Tukima's Dance           Hex            0%         N/A       71%         3
 Sticky Flame             Conj/Fire      0%         2d3       98%         4
 Blade Hands              Tmut           0%         N/A       100%        5
 Summon Hydra             Summ           0%         N/A       100%        7
 Ignition                 Fire           0%         3d3       100%        8


Dungeon Overview and Level Annotations

Branches:
Dungeon (5/15) Zot: 26102  Temple (1/1) D:4 Zot: 5699

Altars:
Ashenzari
Cheibriados
Dithmenos
Fedhas
Gozag
Hepliaklqana
Kikubaaqudgha
Makhleb
Nemelex Xobeh
Okawaru
Qazlal
Ru
Sif Muna
Trog
Uskayaw
Vehumet
Wu Jian
Xom
Yredelemnul

Shops:
D:1 (   D:3 *

Annotations:
D:5 Duvessa


Innate Abilities, Weirdness & Mutations

A meltable icy envelope protects you from harm. (AC +4)
When hurt, damage is shared between your health and your magic reserves.
You regenerate magic rapidly.
Your movements are slightly less encumbered by armour. (ER -2)
A meltable shield of frost defends you. (SH +4)
You have a small tail.


Message History

You hear a shout!
You hear a shout!
You hear a shout!
You hear a shout!
You hear a shout! x2
You hear a shout!
There is an escape hatch in the floor here.
You hear a shout!
You hear a shout!
Duvessa shouts!
Health restored: 54; MP restored: 10 You aren't carrying any items that you can evoke.
You hear a shout!
Duvessa rages.
Duvessa hits you with a +2 rapier of draining!!
You feel drained.
You take 20 damage, and have 34/52 hp.
MASSIVE DAMAGE!!
You now have 6/10 mp.
Throw: 10 darts (poison)
Press: ? - help, Q - select action, (/) - cycle Shift-Dir - straight line, f - Duvessa
Aim: Duvessa, wielding a +2 rapier of draining and wearing a +0 leather armour (berserk, 65% to hit)
You throw a poisoned dart.
The poisoned dart completely misses Duvessa.
You block Duvessa's attack.
Throw: 9 darts (poison)
Press: ? - help, Q - select action, (/) - cycle Shift-Dir - straight line, f/p - Duvessa
Aim: Duvessa, wielding a +2 rapier of draining and wearing a +0 leather armour (berserk, 65% to hit)
You throw a poisoned dart. The poisoned dart hits Duvessa.
Duvessa is poisoned.
Duvessa hits you with a +2 rapier of draining!
You feel drained.
Duvessa hits you with a +2 rapier of draining!
You feel drained.
* * * LOW HITPOINT WARNING * * *
You take 23 damage, and have 12/48 hp.
MASSIVE DAMAGE!!
You now have 2/10 mp.
Okay, then.
Duvessa attacks as you move away! Duvessa misses you.
Duvessa rages.
Duvessa hits you with a +2 rapier of draining!
* * * LOW HITPOINT WARNING * * *
You feel drained.
You die...

# ##...###.....#.....#.# #
#.###.#......#......#
##.....#.....#.....## .
#####..)...#......#.###.#...
...###.....#.....###(....#
##.###......#.###.#(.....#
#..##.....###.....#.....#
##..##.###.#....e.#......#
..
##..##.....#..@..#.....##...
##.#......#......#.###.#..
#..#.....#.....###.....#
##.#......#.###.#......# #
#.#.....###.....#.....#.#
####.###.#......#......# .
##.....#.....#.....##...
#......#......#.###....#
##.....#.....###........


You could see Duvessa (berserk, poisoned).

Vanquished Creatures
  3 ogres
  2 scorpions
  Dowan (D:5)
  A howler monkey (D:5)
  A jelly (D:5)
  3 iguanas
  5 adders
  A gnoll (D:1)
  A dart slug (D:1)
  2 orcs
  5 bats
  5 endoplasms
  2 giant cockroaches
  8 goblins
  7 hobgoblins
  4 jackals (D:1)
  7 kobolds
  5 quokkas
  4 ball pythons
  5 rats (D:1)
72 creatures vanquished.

Notes
Turn   | Place    | Note
-------+----------+-------------------------------------------
     0 | D:1      | trckry the Demonspawn Wanderer began the quest for the Orb.
     0 | D:1      | trckry set off with the following items: a +3 short sword,
                  | a scroll of teleportation, a potion of lignification, a +0
                  | robe.
     0 | D:1      | Reached XP level 1. HP: 19/19 MP: 1/1
    30 | D:1      | Found Dyko Fucey's Antique Weapon Shoppe.
    84 | D:1      | Reached skill level 1 in Armour
   164 | D:1      | Gained mutation: You regenerate magic rapidly. [demonic
                  | ancestry]
   164 | D:1      | Reached XP level 2. HP: 16/25 MP: 2/2
   605 | D:1      | Gained mutation: You have a small tail. [demonic ancestry]
   605 | D:1      | Reached XP level 3. HP: 15/30 MP: 3/3
  1294 | D:2      | Gained mutation: When hurt, damage is shared between your
                  | health and your magic reserves. [demonic ancestry]
  1294 | D:2      | Reached XP level 4. HP: 36/37 MP: 4/4
  2187 | D:3      | Found Zonoiph's General Store.
  2347 | D:3      | Found a hide-covered altar of Uskayaw.
  2523 | D:4      | Noticed an ogre
  2528 | D:4      | Killed an ogre
  2529 | D:4      | Gained mutation: A meltable shield of frost defends you.
                  | (SH +4) [demonic ancestry]
  2529 | D:4      | Reached XP level 5. HP: 14/42 MP: 2/8
  2696 | D:4      | Reached skill level 1 in Dodging
  2747 | D:4      | Reached skill level 2 in Dodging
  2747 | D:4      | Gained mutation: Your movements are slightly less
                  | encumbered by armour. (ER -2) [demonic ancestry]
  2747 | D:4      | Reached XP level 6. HP: 14/48 MP: 5/9
  2753 | D:4      | HP: 7/48 [poisoned by a scorpion]
  3111 | D:4      | Found a staircase to the Ecumenical Temple.
  3444 | Temple   | Entered the Ecumenical Temple
  3780 | D:5      | Entered Level 5 of the Dungeon
  3879 | D:5      | Noticed Dowan
  3882 | D:5      | Noticed Duvessa
  3911 | D:5      | Killed Dowan
  3912 | D:5      | Reached skill level 3 in Dodging
  3961 | D:5      | Reached skill level 4 in Dodging
  3961 | D:5      | Gained mutation: A meltable icy envelope protects you from
                  | harm. (AC +4) [demonic ancestry]
  3961 | D:5      | Reached XP level 7. HP: 51/54 MP: 10/10
  4079 | D:5      | Reached skill level 5 in Dodging
  4248 | D:5      | HP: 3/48 [Duvessa/+2 rapier of draining (9)]
  4248 | D:5      | Slain by Duvessa

Illustrated notes

Levels and vault maps discovered:
D:1:      heliophobic_arrival_ceremonial_halls, layout_basic, serial_shops,
          shop, moated_statue
D:2:      layout_basic, minmay_small_reverse_x
D:3:      layout_rooms, nicolae_uskayaw_suspiria, serial_shops, shop
D:4:      layout_loops_ring, minmay_temple_entry_wispy, minmay_misc_feat_pillars
D:5:      nicolae_BIG_FREAKIN_CUBE, layout_basic, uniq_duvessa
Temple:   compressed_dpeg_triangle_lava_temple

Skill      XL: |  1  2  3  4  5  6  7 |
---------------+----------------------+-----
Armour         | 1 2 3 4 |  4.0
Invocations    | 4 |  4.0
Dodging        | 2 4 5 |  5.2
Fighting       | |  4.0
Short Blades   | |  3.6
Stealth        | |  1.0

Action                     |  1- 3 |  4- 6 |  7- 9 || total
---------------------------+-------+-------+-------++-------
  Melee: Short sword       |    54 |       |       ||    54
         Dagger            |    71 |   128 |    23 ||   222
         Punch             |     3 |     1 |       ||     4
         Tailslap          |     4 |    14 |     2 ||    20
  Throw: Dart              |       |     6 |     2 ||     8
   Stab: Sleeping          |     1 |     5 |       ||     6
         Distracted        |       |       |     1 ||     1
 Armour: Robe              |    10 |    15 |     4 ||    29
  Dodge: Dodged            |    61 |    61 |     8 ||   130
  Block: Other             |       |     7 |     5 ||    12
